 Dungeon Crawl Stone Soup version 0.25-a0-302-g9f758675c1 (webtiles) character file.

Game seed: 5309382803859104490, levelgen mode: deterministic

70 MoonlitKnight the Conjurer (level 4, 0/24 HPs)
             Began as a Deep Elf Conjurer on Dec 20, 2019.
             Slain by a goblin
             ... wielding a +0 club
             ... led by Robin
              (1 damage)
             ... on level 3 of the Dungeon.
             The game lasted 00:04:54 (1945 turns).

MoonlitKnight the Conjurer (Deep Elf Conjurer)      Turns: 1945, Time: 00:04:55

Health: 0/24       AC:  2    Str:  5    XL:     4   Next: 4%
Magic:  3/11       EV: 13    Int: 21    God:
Gold:   115        SH:  3    Dex: 15    Spells: 4/10 levels left

rFire    . . .     SeeInvis .   t - +2 dagger (elec)
rCold    . . .     Gourm    .   r - +0 buckler (curse)
rNeg     . . .     Faith    .   a - +0 robe
rPois    .         Spirit   .   (no helmet)
rElec    .         Reflect  .   (no cloak)
rCorr    .         Harm     .   (no gloves)
MR       .....                  (no boots)
Stlth    ++........             (no amulet)
HPRegen  0.08/turn              (no ring)
MPRegen  0.12/turn              (no ring)

@: no status effects
A: no striking features
a: no special abilities


You were on level 3 of the Dungeon.
You were not hungry.

You visited 1 branch of the dungeon, and saw 3 of its levels.

You collected 115 gold pieces.

Inventory:

Hand Weapons
 t - a +2 dagger of electrocution (weapon)
Missiles
 d - 39 poisoned darts (quivered)
Armour
 a - a +0 robe (worn)
 r - a cursed +0 buckler (worn)
Jewellery
 l - an uncursed amulet of the gourmand {unknown}
 m - a +2 ring of intelligence {unknown}
Scrolls
 b - 2 scrolls of enchant weapon {unknown}
 e - a scroll of amnesia {unknown}
 g - a scroll of noise {unknown}
 i - a scroll of fog {unknown}
 n - 2 scrolls of identify {unknown}
 o - a scroll of teleportation {unknown}
 q - a scroll of magic mapping {unknown}
Potions
 f - a potion of brilliance {unknown}
 j - a potion of curing {unknown}
 k - a potion of berserk rage {unknown}
 p - a potion of degeneration {unknown}
Comestibles
 c - 2 rations
 s - 9 chunks of flesh


   Skills:
 + Level 3.2 Dodging
 - Level 2.4 Stealth
 + Level 0.2 Shields
 + Level 3.9 Spellcasting
 * Level 5.3 Conjurations


You had 4 spell levels left.
You knew the following spells:

 Your Spells              Type           Power        Failure   Level  Hunger
a - Magic Dart            Conj           ####         2%          1    None
b - Searing Ray           Conj           ####..       3%          2    #......
c - Dazzling Flash        Conj/Hex       ###...       19%         3    ###....

Your spell library contained the following spells:

 Spells                   Type           Power        Failure   Level  Hunger
 Fulminant Prism          Conj/Hex       ###.......   54%         4    ####...
 Iskenderun's Mystic Bla  Conj/Tloc      ###.....     54%         4    ####...


Dungeon Overview and Level Annotations

Branches:
Dungeon (3/15)

Altars:


Message History

a +0 club; 26 stones; a goblin corpse x2
The goblin shoots a sling bullet.
The sling bullet barely misses you.
Casting: Dazzling Flash (safe; 19% risk of failure)
Confirm with . or Enter, or press ? or * to list all spells.
Aiming: Searing Ray (safe; 3% risk of failure)
Press: ? - help, Shift-Dir - straight line (Press . to maintain the ray.)
The goblin shoots a sling bullet.
The sling bullet hits you.
The goblin shoots a sling bullet.
The sling bullet hits you.
You see here a sling bullet.
The goblin shoots a sling bullet.
The sling bullet misses you. You block the goblin's attack.
The goblin shoots a sling bullet.
The sling bullet hits you!
* * * LOW HITPOINT WARNING * * *
You see here a sling bullet.
The goblin no longer looks unusually strong.
The goblin hits you with a +0 dagger.
* * * LOW HITPOINT WARNING * * *
The goblin hits you with a +0 club.
You die...

#.. #.# .# #.#######.##
###### #.#<.......#
#####....# #.##.......# .
.$..#....###.##.......#..
.)..'....)..÷.'..........
....#.....##.##.......#
....#.....##+##.@.....#
.)..###...#....gg..#..#
)#### #####.g......#..#
÷######..(g........# .#
.)()..((.(.........+
.#)####.##.........#
.#......##.........#
.#......##.........#
.#......##...#######


You could see a hobgoblin and 3 goblins.

Vanquished Creatures
  Robin (D:3)
  An adder (D:2)
  An ooze (D:2)
  2 dart slugs (D:1)
  A ball python (D:3)
  4 bats
  2 giant cockroaches
  9 hobgoblins
  A frilled lizard (D:3)
  9 goblins
  5 kobolds
  5 rats
41 creatures vanquished.

Notes
Turn   | Place    | Note
-------+----------+-------------------------------------------
     0 | D:1      | MoonlitKnight the Deep Elf Conjurer began the quest for the
                  | Orb.
     0 | D:1      | Reached XP level 1. HP: 10/10 MP: 6/6
   192 | D:1      | Reached XP level 2. HP: 15/15 MP: 2/8
   279 | D:1      | Learned a level 2 spell: Searing Ray
   740 | D:1      | Reached skill level 5 in Conjurations
   905 | D:2      | Reached XP level 3. HP: 19/19 MP: 6/10
   964 | D:2      | Found a faded altar of an unknown god.
  1005 | D:2      | Learned a level 3 spell: Dazzling Flash
  1912 | D:3      | Noticed Robin
  1918 | D:3      | Killed Robin
  1922 | D:3      | Reached XP level 4. HP: 24/24 MP: 2/11
  1944 | D:3      | HP: 1/24 [goblin/+0 dagger[Robin] (5)]
  1945 | D:3      | Slain by a goblin

Levels and vault maps discovered:
D:1:      wander_arrival_chamber, layout_rooms
D:2:      layout_loops_corners, chequers_ecumenical_altar_simple_redux
D:3:      layout_basic, nicolae_tso_carved_into_rock, uniq_robin

Skill      XL: |  1  2 |
---------------+-------+-----
Conjurations   | 5 |  5.3
Dodging        | 3 |  3.2
Stealth        | |  2.4
Shields        | |  0.2
Spellcasting   | |  3.9

Action                   |  1- 3 |  4- 6 || total
-------------------------+-------+-------++-------
Melee: Dagger            |    28 |     5 ||    33
 Cast: Magic Dart        |    47 |       ||    47
       Searing Ray       |     7 |     1 ||     8
       Dazzling Flash    |     1 |       ||     1
  Eat: Chunk             |     3 |       ||     3
Armor: Robe              |     3 |       ||     3
Dodge: Dodged            |    30 |     6 ||    36
Block: Buckler           |       |     2 ||     2

Table legend:
 A = Non-vault XP
 B = Vault XP
 C = Vault XP percentage of total XP
 D = Non-vault monster count
 E = Vault monster count
 F = Vault count percentage of total count
                 A         B        C        D         E       F
            +---------+---------+-------+---------+---------+-------
      Total |      74 |      27 |  26.7 |      33 |       8 |  19.5
            +---------+---------+-------+---------+---------+-------
        D:1 |      38 |       0 |   0.0 |      22 |       0 |   0.0
        D:2 |      29 |       0 |   0.0 |       7 |       0 |   0.0
        D:3 |       7 |      27 |  79.4 |       4 |       8 |  66.7
            +---------+---------+-------+---------+---------+-------
